TOP OF THE 1ST |
---|
California Golden Bears batting - Pitching for Oklahoma State Cowboys : LHP Clarence Webb | Pitching: LHP Clarence Webb | | Batting: SHB John Allen | 0-0: Ball 1-0: DOUBLE (Groundball, 5L) | Batting: SHB Dan Morse | 0-0: Called Strike 0-1: Called Strike 0-2: Ball 1-2: Strikes out swinging | Batting: RHB Sergio González | 0-0: Ball 1-0: Ball 2-0: Foul Ball, location: 2F 2-1: Ball 3-1: Ground out 4-3 (Groundball, 4) John Allen to third | Batting: RHB Cisco Villa | 0-0: Reached via error on a dropped throw, E1 John Allen scores | Batting: RHB Joe Johnston | 0-0: Ball 1-0: Ball 2-0: Ball 3-0: Base on Balls Cisco Villa to second | Batting: RHB Lyle Clark | 0-0: Called Strike 0-1: Ground out 4-3 (Groundball, 4) | Top of the 1st over - 1 run, 1 hit, 1 error, 2 left on base; California 1 - Oklahoma State 0 | BOTTOM OF THE 1ST |
---|
Oklahoma State Cowboys batting - Pitching for California Golden Bears : RHP John Moody | Pitching: RHP John Moody | | Batting: RHB Derrek Lane | 0-0: Swinging Strike 0-1: Ball 1-1: Ball 2-1: Fly out, F5 (Popup, 5SF) | Batting: RHB Eddie Fisher | 0-0: Ball 1-0: Foul Ball, location: 2F 1-1: Called Strike 1-2: Ball 2-2: Strikes out swinging, 2-3 out at first. | Batting: RHB Hank Quinn | 0-0: Ball 1-0: SOLO HOME RUN (Flyball, 78XD), Distance : 376 ft | Batting: SHB Ernest Hood | 0-0: Swinging Strike 0-1: Ball 1-1: Ball 2-1: Ball 3-1: Base on Balls | Batting: SHB Enrique Martínez | 0-0: Called Strike Ernest Hood steals 2nd base 0-1: Ball 1-1: Fly out, F7 (Flyball, 7) | Bottom of the 1st over - 1 run, 1 hit, 0 errors, 1 left on base; California 1 - Oklahoma State 1 | TOP OF THE 2ND |
---|
California Golden Bears batting - Pitching for Oklahoma State Cowboys : LHP Clarence Webb | Batting: RHB Dave Burchette | 0-0: Called Strike 0-1: Ball 1-1: Ball 2-1: Fly out, F7 (Flyball, 7) | Batting: LHB B.J. Ware | 0-0: Swinging Strike 0-1: Ball 1-1: Swinging Strike 1-2: Strikes out swinging | Batting: RHB Ralph Hawkins | 0-0: SINGLE (Groundball, 6D) | Batting: SHB John Allen | 0-0: Ball 1-0: Called Strike 1-1: Called Strike 1-2: Ball 2-2: Ball Ralph Hawkins steals 2nd base 3-2: Base on Balls | Batting: SHB Dan Morse | 0-0: Ball 1-0: Called Strike 1-1: SINGLE (Groundball, 4MD) Ralph Hawkins to third John Allen to second Runner from 3rd tries for Home, SAFE, throw made home | Batting: RHB Sergio González | 0-0: Ball 1-0: Called Strike 1-1: Ball 2-1: Foul Ball, location: 2F 2-2: Ball 3-2: Foul Ball, location: 2F 3-2: Strikes out swinging | Top of the 2nd over - 1 run, 2 hits, 0 errors, 2 left on base; California 2 - Oklahoma State 1 | BOTTOM OF THE 2ND |
---|
Oklahoma State Cowboys batting - Pitching for California Golden Bears : RHP John Moody | Batting: RHB Dennis Ingram | 0-0: Called Strike 0-1: Ball 1-1: SINGLE (Groundball, 6MD) | Batting: SHB Myles Hopkins | 0-0: Ball Pickoff Throw by Catcher to First - Out! 1-0: Ground out 6-3 (Groundball, 6) | Batting: RHB Flynn Roberts | 0-0: DOUBLE (Line Drive, 9D) | Batting: RHB Stephen Olvera | 0-0: Ball 1-0: Ball 2-0: Called Strike 2-1: Foul Ball, location: 2F 2-2: Strikes out swinging | Bottom of the 2nd over - 0 runs, 2 hits, 0 errors, 1 left on base; California 2 - Oklahoma State 1 | TOP OF THE 3RD |
---|
California Golden Bears batting - Pitching for Oklahoma State Cowboys : LHP Clarence Webb | Batting: RHB Cisco Villa | 0-0: Ball 1-0: Swinging Strike 1-1: Swinging Strike 1-2: Ball 2-2: Foul Ball, location: 2F 2-2: Foul Ball, location: 2F 2-2: Ball 3-2: Base on Balls | Batting: RHB Joe Johnston | 0-0: Foul Ball, location: 2F 0-1: Ground out 5-3 (Groundball, 5S) Cisco Villa to second | Batting: RHB Lyle Clark | 0-0: Ball 1-0: Foul Ball, location: 2F 1-1: Ball 2-1: Ball 3-1: Swinging Strike 3-2: Strikes out looking | Batting: RHB Dave Burchette | 0-0: Called Strike 0-1: Called Strike 0-2: Foul Ball, location: 2F 0-2: Foul Ball, location: 2F 0-2: Ball 1-2: Ball 2-2: Ball 3-2: Ground out 4-3 (Groundball, 4) | Top of the 3rd over - 0 runs, 0 hits, 0 errors, 1 left on base; California 2 - Oklahoma State 1 | BOTTOM OF THE 3RD |
---|
Oklahoma State Cowboys batting - Pitching for California Golden Bears : RHP John Moody | Batting: RHB Derrek Lane | 0-0: Foul Ball, location: 2F 0-1: Ball 1-1: Ball 2-1: Swinging Strike 2-2: SINGLE (Line Drive, 7LS) | Batting: RHB Eddie Fisher | 0-0: Ball Derrek Lane steals 2nd base 1-0: Foul Ball, location: 2F 1-1: Called Strike 1-2: Ball 2-2: SINGLE (Line Drive, 6D) Derrek Lane to third | Batting: RHB Hank Quinn | 0-0: Ball 1-0: Ball 2-0: Ball 3-0: Called Strike 3-1: Called Strike 3-2: Foul Ball, location: 2F 3-2: Strikes out looking | Batting: SHB Ernest Hood | 0-0: Fielders Choice at 2nd, 1-6 (Groundball, 13S) | Batting: SHB Enrique Martínez | 0-0: Swinging Strike 0-1: Foul Ball, location: 2F 0-2: Ball 1-2: Fly out, F8 (Flyball, 8RM) | Bottom of the 3rd over - 0 runs, 2 hits, 0 errors, 2 left on base; California 2 - Oklahoma State 1 | TOP OF THE 4TH |
---|
California Golden Bears batting - Pitching for Oklahoma State Cowboys : LHP Clarence Webb | Batting: LHB B.J. Ware | 0-0: Ball 1-0: Fly out, F6 (Popup, 5D) | Batting: RHB Ralph Hawkins | 0-0: SINGLE (Line Drive, 7S) | Batting: SHB John Allen | 0-0: Grounds into double play, 5-4-3 (Groundball, 5) | Top of the 4th over - 0 runs, 1 hit, 0 errors, 0 left on base; California 2 - Oklahoma State 1 | BOTTOM OF THE 4TH |
---|
Oklahoma State Cowboys batting - Pitching for California Golden Bears : RHP John Moody | Batting: RHB Dennis Ingram | 0-0: Fly out, F4 (Popup, 4) | Batting: SHB Myles Hopkins | 0-0: Ball 1-0: Called Strike 1-1: Foul Ball, location: 2F 1-2: Ball 2-2: SINGLE (Flyball, 7LS) | Batting: RHB Flynn Roberts | 0-0: Ball 1-0: Ball Myles Hopkins steals 2nd base 2-0: Foul Ball, location: 2F 2-1: Called Strike 2-2: Strikes out swinging | Batting: RHB Stephen Olvera | 0-0: Foul Ball, location: 2F 0-1: Ball 1-1: Ball 2-1: Ball 3-1: Base on Balls | Batting: RHB Derrek Lane | 0-0: Called Strike 0-1: Ball 1-1: Swinging Strike 1-2: Foul Ball, location: 2F 1-2: Ball 2-2: Strikes out looking | Bottom of the 4th over - 0 runs, 1 hit, 0 errors, 2 left on base; California 2 - Oklahoma State 1 | TOP OF THE 5TH |
---|
California Golden Bears batting - Pitching for Oklahoma State Cowboys : LHP Clarence Webb | Batting: SHB Dan Morse | 0-0: Ball 1-0: Fly out, F9 (Flyball, 89S) | Batting: RHB Sergio González | 0-0: Foul Ball, location: 2F 0-1: Ball 1-1: Ball 2-1: Swinging Strike 2-2: Fly out, F2 (Popup, 3SF) | Batting: RHB Cisco Villa | 0-0: Called Strike 0-1: Foul Ball, location: 2F 0-2: Fly out, F9 (Flyball, 89D) | Top of the 5th over - 0 runs, 0 hits, 0 errors, 0 left on base; California 2 - Oklahoma State 1 | BOTTOM OF THE 5TH |
---|
Oklahoma State Cowboys batting - Pitching for California Golden Bears : RHP John Moody | Batting: RHB Eddie Fisher | 0-0: Ball 1-0: Foul Ball, location: 2F 1-1: SOLO HOME RUN (Flyball, 7D), Distance : 344 ft | Batting: RHB Hank Quinn | 0-0: Swinging Strike 0-1: Called Strike 0-2: Ball 1-2: Strikes out swinging | Pitching: RHP Jacob Wallace | | Batting: SHB Ernest Hood | 0-0: Foul Ball, location: 2F 0-1: Swinging Strike 0-2: Ground out 5-3 (Groundball, 56) | Batting: SHB Enrique Martínez | 0-0: Fly out, F8 (Line Drive, 8LM) | Bottom of the 5th over - 1 run, 1 hit, 0 errors, 0 left on base; California 2 - Oklahoma State 2 | TOP OF THE 6TH |
---|
California Golden Bears batting - Pitching for Oklahoma State Cowboys : LHP Clarence Webb | Pitching: RHP Keith Crabtree | | Batting: RHB Joe Johnston | 0-0: Called Strike 0-1: Called Strike 0-2: Ball 1-2: Ball 2-2: Foul Ball, location: 2F 2-2: Strikes out looking | Batting: RHB Lyle Clark | 0-0: Foul Ball, location: 2F 0-1: Ball 1-1: Ball 2-1: Ball 3-1: Base on Balls | Batting: RHB Dave Burchette | 0-0: Ball 1-0: Foul Ball, location: 2F 1-1: Ball 2-1: Swinging Strike 2-2: Ball 3-2: Strikes out swinging | Batting: LHB B.J. Ware | 0-0: Ball 1-0: Ball 2-0: Ball 3-0: Base on Balls Lyle Clark to second | Batting: RHB Ralph Hawkins | 0-0: Called Strike 0-1: Foul Ball, location: 2F 0-2: Strikes out swinging | Top of the 6th over - 0 runs, 0 hits, 0 errors, 2 left on base; California 2 - Oklahoma State 2 | BOTTOM OF THE 6TH |
---|
Oklahoma State Cowboys batting - Pitching for California Golden Bears : RHP Jacob Wallace | Batting: RHB Dennis Ingram | 0-0: Ball 1-0: Ball 2-0: Called Strike 2-1: Swinging Strike 2-2: Foul Ball, location: 2F 2-2: Strikes out swinging | Batting: SHB Myles Hopkins | 0-0: Called Strike 0-1: Ball 1-1: Swinging Strike 1-2: Strikes out swinging | Batting: RHB Flynn Roberts | 0-0: Called Strike 0-1: Ground out 6-3 (Groundball, 6) | Bottom of the 6th over - 0 runs, 0 hits, 0 errors, 0 left on base; California 2 - Oklahoma State 2 | TOP OF THE 7TH |
---|
California Golden Bears batting - Pitching for Oklahoma State Cowboys : RHP Keith Crabtree | Batting: SHB John Allen | 0-0: Fly out, F2 (Popup, 2RF) | Batting: SHB Dan Morse | 0-0: Called Strike 0-1: Fly out, F4 (Line Drive, 4) | Batting: RHB Sergio González | 0-0: Ball 1-0: Ball 2-0: Ground out 5-3 (Groundball, 5) | Top of the 7th over - 0 runs, 0 hits, 0 errors, 0 left on base; California 2 - Oklahoma State 2 | BOTTOM OF THE 7TH |
---|
Oklahoma State Cowboys batting - Pitching for California Golden Bears : RHP Jacob Wallace | Batting: RHB Stephen Olvera | 0-0: Called Strike 0-1: Ball 1-1: Fly out, F6 (Line Drive, 6) | Batting: RHB Derrek Lane | 0-0: Foul Ball, location: 2F 0-1: Swinging Strike 0-2: Ball 1-2: Ground out 6-3 (Groundball, 6) | Batting: RHB Eddie Fisher | 0-0: Called Strike 0-1: Called Strike 0-2: Ground out 5-3 (Groundball, 56S) | Bottom of the 7th over - 0 runs, 0 hits, 0 errors, 0 left on base; California 2 - Oklahoma State 2 | TOP OF THE 8TH |
---|
California Golden Bears batting - Pitching for Oklahoma State Cowboys : RHP Keith Crabtree | Batting: RHB Cisco Villa | 0-0: Called Strike 0-1: Foul Ball, location: 2F 0-2: Foul Ball, location: 2F 0-2: Ball 1-2: Foul Ball, location: 2F 1-2: Strikes out swinging | Pinch Hitting: RHB Greg Brown | 0-0: Foul Ball, location: 2F 0-1: Swinging Strike 0-2: Ball 1-2: Ball 2-2: Foul Ball, location: 2F 2-2: Foul Ball, location: 2F 2-2: SINGLE (Groundball, 4MD) | Batting: RHB Lyle Clark | 0-0: Grounds into double play, 1-4-3 (Groundball, 15S) | Top of the 8th over - 0 runs, 1 hit, 0 errors, 0 left on base; California 2 - Oklahoma State 2 | BOTTOM OF THE 8TH |
---|
Oklahoma State Cowboys batting - Pitching for California Golden Bears : RHP Jacob Wallace | Now in LF: Owen Jenkins | | Batting: RHB Hank Quinn | 0-0: Ball 1-0: Ground out 5-3 (Groundball, 56) | Batting: SHB Ernest Hood | 0-0: Ball 1-0: Ball 2-0: Ball 3-0: Called Strike 3-1: SINGLE (Groundball, 6MD) | Batting: SHB Enrique Martínez | 0-0: Ball 1-0: Swinging Strike 1-1: Ball 2-1: SINGLE (Flyball, 9LS) Ernest Hood to second Runner from 2nd tries for 3rd, SAFE, throw made to third Enrique Martínez to second | Batting: RHB Dennis Ingram | 0-0: SINGLE (Groundball, 5L) (infield hit) Ernest Hood scores Enrique Martínez to third | Batting: SHB Myles Hopkins | 0-0: Ball Dennis Ingram is caught stealing 2nd base 1-0: SINGLE (Groundball, 34S) (infield hit) Enrique Martínez scores | Batting: RHB Flynn Roberts | 0-0: Called Strike Myles Hopkins is caught stealing 2nd base | Bottom of the 8th over - 2 runs, 4 hits, 0 errors, 0 left on base; California 2 - Oklahoma State 4 | TOP OF THE 9TH |
---|
California Golden Bears batting - Pitching for Oklahoma State Cowboys : RHP Keith Crabtree | Batting: RHB Dave Burchette | 0-0: Ball 1-0: Fly out, F9 (Flyball, 9) | Batting: LHB B.J. Ware | 0-0: Called Strike 0-1: Foul Ball, location: 2F 0-2: Ball 1-2: Foul Ball, location: 2F 1-2: Foul Ball, location: 2F 1-2: Ball 2-2: Ball 3-2: Strikes out swinging | Batting: RHB Ralph Hawkins | 0-0: Ball 1-0: Foul Ball, location: 2F 1-1: Ball 2-1: Foul Ball, location: 2F 2-2: Fly out, F7 (Flyball, 78M) | Top of the 9th over - 0 runs, 0 hits, 0 errors, 0 left on base; California 2 - Oklahoma State 4 | |